 Dungeon Crawl Stone Soup version 0.17-a0-1-g1f4be75 (console) character file.

105 Liam the Conjurer (level 4, -6/24 HPs)
             Began as a Deep Elf Conjurer on Mar 11, 2015.
             Killed from afar by Sigmund (9 damage)
             ... with a puff of flame
             ... on level 3 of the Dungeon.
             The game lasted 00:06:16 (2824 turns).

Liam the Conjurer (Deep Elf Conjurer)               Turns: 2824, Time: 00:06:16

Health: -6/24      AC:  3    Str:  5    XL:     4   Next: 54%
Magic:  1/16       EV: 12    Int: 21    God:
Gold:   153        SH:  3    Dex: 15    Spells: 2 memorised, 7 levels left

rFire  . . .     SeeInvis .     (no weapon)
rCold  . . .     Clarity  .     a - +0 robe
rNeg   . . .     SustAb   .     i - +0 buckler (curse)
rPois  .         Gourm    .     (no helmet)
rElec  .         Spirit   .     (no cloak)
rCorr  .         Warding  .     (no gloves)
rMut   .         Stasis   .     q - +0 pair of boots
MR     .....                    (no amulet)
Stlth  ++........               (no ring)
                                (no ring)

@: not resistant to hostile enchantments, unstealthy
A: no striking features
a: no special abilities


You were on level 3 of the Dungeon.
You were very hungry.

You visited 1 branch of the dungeon, and saw 3 of its levels.

You collected 153 gold pieces.

Inventory:

Armour
 a - a +0 robe (worn)
 i - a cursed +0 buckler (worn)
 q - a +0 pair of boots (worn)
Jewellery
 e - an uncursed ring of flight {unknown}
Scrolls
 g - a scroll of amnesia {unknown}
 h - a scroll of remove curse {unknown}
 k - a scroll of magic mapping {unknown}
 l - 3 scrolls of identify {unknown}
 n - a scroll of teleportation {unknown}
Books
 c - a book of Conjurations

   Spells                             Type                      Level
   a - Magic Dart                     Conjuration                  1
   b - Searing Ray                    Conjuration                  2
   c - Dazzling Spray                 Conjuration/Hexes            3
   d - Fulminant Prism                Conjuration/Hexes            4
   e - Iskenderun's Mystic Blast      Conjuration                  4
   f - Iskenderun's Battlesphere      Conjuration/Charms           5
 m - a book of Debilitation

   Spells                             Type                      Level
   a - Corona                         Hexes                        1
   b - Slow                           Hexes                        2
   c - Inner Flame                    Hexes/Fire                   3
   d - Enslavement                    Hexes                        4
   e - Cause Fear                     Hexes                        4
   f - Leda's Liquefaction            Hexes/Earth                  4
 o - a Necronomicon {highlevel, unknown}

   This book is beyond your current level of understanding.

   Spells                             Type                      Level
   a - Haunt                          Necromancy/Summoning         7
   b - Borgnjor's Revivification      Necromancy                   8
   c - Death's Door                   Charms/Necromancy            8
   d - Necromutation                  Transmutation/Necromancy     8
Comestibles
 b - 3 bread rations
 d - a meat ration
 f - 3 fruits
 p - a beef jerky


   Skills:
 - Level 2.4 Dodging
 - Level 2.4 Stealth
 + Level 4.8 Spellcasting
 + Level 5.7 Conjurations


You had 7 spell levels left.
You knew the following spells:

 Your Spells              Type           Power        Failure   Level  Hunger
a - Magic Dart            Conj           ####         1%          1    None
x - Iskenderun's Mystic   Conj           ####....     17%         4    ####...


Dungeon Overview and Level Annotations

Branches:
Dungeon (3/15)

Altars:
Nemelex Xobeh
Xom

Annotations:
D:3 Sigmund


Message History

Something tries to affect you, but you resist.
You see here a leather armour.
Casting: Iskenderun's Mystic Blast
Confirm with . or Enter, or press ? or * to list all spells.
Aiming: Iskenderun's Mystic Blast
Press: ? - help, Shift-Dir - straight line Something tries to affect you, but you resist.
Casting: Iskenderun's Mystic Blast
Confirm with . or Enter, or press ? or * to list all spells.
Aiming: Iskenderun's Mystic Blast
Press: ? - help, Shift-Dir - straight line The orb of energy hits something.
Casting: Iskenderun's Mystic Blast
Confirm with . or Enter, or press ? or * to list all spells.
Aiming: Magic Dart
Press: ? - help, Shift-Dir - straight line The magic dart hits something.
A puff of flame appears from out of thin air!
The puff of flame hits you!
You die...

# ############ ############
#..........# #.@........###
......####.####.###.....[...
####.รท..........#
#.####.### #####.####.###..#
#.# ##........^.##..# #.#
............##..# #[#
##.##.#####.##..###.####.#
...##.# #.##..{........#
#####.# #.##(.....###### #.#


There were no monsters in sight!

Vanquished Creatures
  6 adders
  A giant gecko (D:1)
  3 orcs (D:3)
  A ball python (D:1)
  7 bats
  3 giant cockroaches
  8 hobgoblins
  6 kobolds
  2 quokkas
  6 giant newts
  9 goblins
  5 jackals
  3 rats
60 creatures vanquished.

Notes
Turn   | Place    | Note
--------------------------------------------------------------
     0 | D:1      | Liam, the Deep Elf Conjurer, began the quest for the Orb.
     0 | D:1      | Reached XP level 1. HP: 10/10 MP: 5/5
    68 | D:1      | Found a sparkling altar of Nemelex Xobeh.
   244 | D:1      | Reached XP level 2. HP: 15/15 MP: 1/8
   611 | D:1      | Reached skill level 5 in Conjurations
   779 | D:2      | Reached XP level 3. HP: 19/19 MP: 6/11
  1385 | D:2      | Reached XP level 4. HP: 24/24 MP: 13/15
  1636 | D:3      | Noticed Sigmund
  1811 | D:3      | Found a shimmering altar of Xom.
  2280 | D:3      | Learned a level 4 spell: Iskenderun's Mystic Blast
  2824 | D:3      | Killed from afar by Sigmund

Action                   |  1- 3 |  4- 6 || total
-------------------------+-------+-------++-------
Melee: Unarmed           |       |     3 ||     3
 Cast: Magic Dart        |    77 |    59 ||   136
       Iskenderun's Myst |       |     4 ||     4
  Use: Potion            |       |     5 ||     5
  Eat: Chunk             |     1 |     4 ||     5
